 Dungeon Crawl Stone Soup version 0.30-a0-1123-gabc949cf19 (webtiles) character file.

Game seed: 161000301356183730

5331 Arzdou the Geomancer (level 10, 0/52 HPs)
             Began as a Gargoyle Earth Elementalist on Apr 22, 2023.
             Was an Initiate of Vehumet.
             Slain by a yak (10 damage)
             ... on level 8 of the Dungeon.
             The game lasted 00:16:01 (8213 turns).

Arzdou the Geomancer (Gargoyle Earth Elementalist)  Turns: 8213, Time: 00:16:02

Health: 0/52       AC: 11    Str: 12    XL:     10   Next: 64%
Magic:  20/22      EV: 12    Int: 20    God:    Vehumet [......]
Gold:   419        SH:  0    Dex: 10    Spells: 21/25 levels left

rFire   . . .        f - +1 short sword (freeze)
rCold   . . .        (no shield)
rNeg    + . .        a - +0 robe
rPois   ∞            (no helmet)
rElec   +            u - +1 cloak
rCorr   .            (no gloves)
SInv    .            (no boots)
Will    .....        (no amulet)
Stlth   ++           z - ring of wizardry
HPRegen 0.28/turn    t - ring of wizardry
MPRegen 0.18/turn

%: wizardry (x2)
@: no status effects
A: sickness immunity, AC +7, negative energy resistance 1, electricity
resistance, torment resistance 1, petrification resistance
a: Renounce Religion


You were on level 8 of the Dungeon.
You worshipped Vehumet.
Vehumet was noncommittal.
You visited 2 branches of the dungeon, and saw 9 of its levels.

You collected 419 gold pieces.

Inventory:

Hand Weapons
 f - a +1 short sword of freezing (weapon)
 v - a +2 quarterstaff of chaos
Armour
 a - a +0 robe (worn)
 u - a +1 cloak (worn)
Jewellery
 i - a ring of willpower
 t - a ring of wizardry (right hand)
 y - a ring of fire
 z - a ring of wizardry (left hand)
 H - a ring of ice
Wands
 D - a wand of digging (5)
Scrolls
 c - 5 scrolls of identify {unknown}
 g - 2 scrolls of immolation {unknown}
 h - 2 scrolls of amnesia {unknown}
 j - a scroll of poison {unknown}
 l - a scroll of enchant weapon
 n - 2 scrolls of vulnerability {unknown}
 q - a scroll of blinking {unknown}
 s - a scroll of enchant armour {unknown}
 w - 2 scrolls of acquirement {unknown}
 B - 2 scrolls of fear {unknown}
 C - 2 scrolls of brand weapon
 E - 2 scrolls of teleportation {unknown}
 G - a scroll of magic mapping {unknown}
 I - a scroll of fog {unknown}
Potions
 d - a potion of ambrosia {unknown}
 e - 3 potions of cancellation {unknown}
 k - 4 potions of mutation {unknown}
 m - 3 potions of lignification {unknown}
 o - 2 potions of attraction {unknown}
 p - 2 potions of heal wounds {unknown}
 r - a potion of degeneration {unknown}
 x - a potion of resistance {unknown}
 A - 2 potions of flight {unknown}
 F - 3 potions of curing {unknown}


   Skills:
 + Level 1.0 Fighting
 + Level 2.8 Dodging
 + Level 3.8 Stealth
 + Level 8.1 Spellcasting
 * Level 6.0 Conjurations
 - Level 0.7 Transmutations
 * Level 13.3 Earth Magic


You had 21 spell levels left.
You knew the following spells:

 Your Spells              Type           Power      Damage    Failure   Level
a - Sandblast             Erth           100%       2d20      1%          1
b - Stone Arrow           Conj/Erth      92%        3d12      1%          3

Your spell library contained the following spells:

 Spells                   Type           Power      Damage    Failure   Level
 Beastly Appendage        Tmut           22%        N/A       1%          1
 Kiss of Death            Conj/Necr      80%        2d11      1%          1
 Passwall                 Tmut/Erth      30%        N/A       1%          2
 Static Discharge         Conj/Air       40%        2-4/arc   1%          2
 Petrify                  Tmut/Erth      36%        N/A       1%          4
 Summon Small Mammal      Summ           32%        N/A       2%          1
 Wereblood                Tmut           11%        N/A       2%          2
 Spider Form              Tmut/Pois      9%         N/A       6%          3
 Call Canine Familiar     Summ           8%         N/A       7%          3
 Confusing Touch          Hex            8%         N/A       7%          3
 Summon Guardian Golem    Hex/Summ       8%         N/A       7%          3
 Airstrike                Air            4%         2d(1-17)  21%         4
 Animate Dead             Necr           8%         N/A       21%         4
 Dispel Undead            Necr           8%         3d8       21%         4
 Summon Lightning Spire   Summ/Air       8%         N/A       21%         4
 Haunt                    Necr/Summ      4%         N/A       100%        7
 Infestation              Necr           4%         N/A       100%        8


Dungeon Overview and Level Annotations

Branches:
Dungeon (8/15)             Temple (1/1) D:7
   Lair: D:8-11

Altars:
Ashenzari
Cheibriados
Elyvilon
Fedhas
Hepliaklqana
Kikubaaqudgha
Makhleb
Nemelex Xobeh
Okawaru
Qazlal
Ru
Sif Muna
Trog
Uskayaw
Vehumet
Wu Jian
Xom
Zin

Shops:
D:1 =   D:2 =   D:5 *

Annotations:
D:4 Dowan


Innate Abilities, Weirdness & Mutations

You are immune to sickness and miasma.
Your stone body is resilient. (AC +7)
You are immune to poison.
You resist negative energy. (rN+)
You are resistant to electric shocks. (rElec)
You are resistant to unholy torment.
You are immune to petrification.


Message History

You are too injured to fight recklessly!
Casting: Sandblast (safe; 1% risk of failure)
Confirm with . or Enter, or press ? or * to list all spells.
Aiming: Sandblast (safe; 1% risk of failure)
Press: ? - help, Shift-Dir - straight line, f/p - yak
Aim: a yak (almost dead, 91% to hit)
The blast of sand hits the yak!
You kill the yak!
Vehumet accepts your kill.
Your Spellcasting skill increases to level 8!
Casting: Sandblast (safe; 1% risk of failure)
Confirm with . or Enter, or press ? or * to list all spells.
Aiming: Sandblast (safe; 1% risk of failure)
Press: ? - help, Shift-Dir - straight line, f - yak
Aim: a yak (91% to hit)
The blast of sand hits the yak.
The yak is lightly wounded.
The yak gores you! The yak gores you but does no damage.
Unknown command.
Casting: Sandblast (safe; 1% risk of failure)
Confirm with . or Enter, or press ? or * to list all spells.
Aiming: Sandblast (safe; 1% risk of failure)
Press: ? - help, Shift-Dir - straight line, f/p - yak
Aim: a yak (lightly wounded, 91% to hit)
The blast of sand hits the yak.
The yak is moderately wounded.
The yak gores you.
Unknown command.
Casting: Sandblast (safe; 1% risk of failure)
Confirm with . or Enter, or press ? or * to list all spells.
Aiming: Sandblast (safe; 1% risk of failure)
Press: ? - help, Shift-Dir - straight line, f/p - yak
Aim: a yak (moderately wounded, 91% to hit)
The blast of sand hits the yak.
The yak is moderately wounded.
The yak gores you!
* * * LOW HITPOINT WARNING * * *
The yak gores you but does no damage. Magic courses through your body.
The yak gores you!
You die...

##...## #..# ####
##...## #..##
#..#### ##...##
#...#
.##...###...##
#.(.##
#####......##
###..## ###....#
##..## #########
##### ##..##
##....####...##
##..#
#.....†Y@.....##
#..#
##....######.)).##
##.. #..)###
###.).# #..
###..## ##..##
##.. #####....#
#...#####..#
[.....D..#
#.....##...#
##.......#
#..........#
####....#
#............
#....#
#.............


You could see a yak.

Vanquished Creatures
  A deep elf pyromancer (D:7)
  A gargoyle (D:7)
  A troll (D:7)
  Grinder (D:4)
  A slime creature (D:6)
  Sigmund (D:3)
  A wyvern (D:7)
  6 yaks
  2 steam dragons (D:8)
  An acid dragon (D:7)
  A water moccasin (D:7)
  Duvessa (D:4)
  4 ice beasts
  A sky beast (D:8)
  3 ogres
  A centaur (D:7)
  A kobold brigand (D:8)
  Blork the orc (D:5)
  A gnoll sergeant (D:7)
  4 bullfrogs
  2 scorpions (D:5)
  3 killer bees (D:8)
  2 howler monkeys
  A hound (D:6)
  An orc priest (D:4)
  3 jellies
  Crazy Yiuf (D:5)
  2 sleepcaps
  4 orc wizards
  5 iguanas (D:5)
  Robin (D:3)
  7 gnolls
  11 adders
  A shadow imp (D:6)
  A white imp (D:5)
  4 worms (D:3)
  8 dart slugs
  17 orcs
  4 bats
  12 endoplasms
  6 giant cockroaches
  6 goblins
  9 hobgoblins
  2 jackals (D:2)
  3 quokkas
  3 ball pythons
  2 frilled lizards
  7 kobolds
  3 rats
165 creatures vanquished.

Vanquished Creatures (others)
  A plant (D:5)
1 creature vanquished.

Grand Total: 166 creatures vanquished

Notes
Turn   | Place    | Note
-------+----------+-------------------------------------------
     0 | D:1      | Arzdou the Gargoyle Earth Elementalist began the quest for
                  | the Orb.
     0 | D:1      | Reached XP level 1. HP: 10/10 MP: 3/3
   117 | D:1      | Reached skill level 4 in Earth Magic
   152 | D:1      | Found Jocoh's Jewellery Shop.
   157 | D:1      | Reached XP level 2. HP: 15/15 MP: 3/5
   640 | D:1      | Reached XP level 3. HP: 19/19 MP: 4/6
   724 | D:2      | Found Lymeruo's Jewellery Shop.
   798 | D:2      | Learned a level 3 spell: Stone Arrow
  1093 | D:2      | Found an ancient bone altar of Kikubaaqudgha.
  1480 | D:3      | Reached XP level 4. HP: 24/24 MP: 6/8
  1590 | D:3      | Found a burning altar of Makhleb.
  1590 | D:3      | Found a shimmering altar of Xom.
  1590 | D:3      | Found a blossoming altar of Fedhas.
  1598 | D:3      | Found a stormy altar of Qazlal.
  1600 | D:3      | Found a snail-covered altar of Cheibriados.
  1601 | D:3      | Found a sacrificial altar of Ru.
  1604 | D:3      | Found an ornate altar of the Wu Jian Council.
  1616 | D:3      | Found a shimmering blue altar of Sif Muna.
  1617 | D:3      | Found a bloodstained altar of Trog.
  1696 | D:3      | Noticed Robin
  1769 | D:3      | Killed Robin
  1770 | D:3      | Reached skill level 5 in Earth Magic
  1899 | D:3      | Noticed Sigmund
  1907 | D:3      | Killed Sigmund
  1908 | D:3      | Reached skill level 6 in Earth Magic
  1908 | D:3      | Reached XP level 5. HP: 17/28 MP: 1/11
  1908 | D:3      | Reached XP level 6. HP: 20/32 MP: 1/12
  2050 | D:3      | Found a sparkling altar of Nemelex Xobeh.
  2461 | D:3      | Identified the +1 ring mail "Ruupiuxtu" {Int+2}
  2834 | D:4      | Noticed Grinder
  2836 | D:4      | Paralysed by Grinder for 4 turns
  2843 | D:4      | Killed Grinder
  2844 | D:4      | Reached skill level 7 in Earth Magic
  2844 | D:4      | Reached XP level 7. HP: 15/36 MP: 2/14
  3072 | D:4      | Noticed Duvessa
  3074 | D:4      | Noticed Dowan
  3320 | D:4      | Reached skill level 8 in Earth Magic
  3395 | D:4      | Killed Duvessa
  3396 | D:4      | Reached skill level 5 in Spellcasting
  3397 | D:5      | Entered Level 5 of the Dungeon
  3690 | D:5      | Reached skill level 1 in Conjurations
  3690 | D:5      | Reached XP level 8. HP: 42/42 MP: 1/15
  3812 | D:5      | Noticed Blork the orc
  3817 | D:5      | Killed Blork the orc
  3895 | D:5      | Reached skill level 9 in Earth Magic
  4100 | D:5      | Found Uxatz's Lightly-Used Armoury.
  4664 | D:5      | Found a white marble altar of Elyvilon.
  4708 | D:5      | Found a runed translucent door.
  4709 | D:5      | Noticed Crazy Yiuf
  4861 | D:5      | Killed Crazy Yiuf
  4973 | D:6      | Reached skill level 10 in Earth Magic
  5210 | D:6      | Reached XP level 9. HP: 46/46 MP: 11/18
  6028 | D:7      | Reached skill level 11 in Earth Magic
  6273 | D:7      | Noticed a deep elf pyromancer
  6277 | D:7      | Noticed a troll
  6282 | D:7      | Noticed a gargoyle
  6556 | D:7      | Killed a troll
  6726 | D:7      | Killed a deep elf pyromancer
  6727 | D:7      | Reached skill level 12 in Earth Magic
  6883 | D:7      | Reached skill level 5 in Conjurations
  6883 | D:7      | Reached XP level 10. HP: 49/51 MP: 11/20
  6934 | D:7      | Found a staircase to the Ecumenical Temple.
  6995 | Temple   | Entered the Ecumenical Temple
  7061 | Temple   | Became a worshipper of Vehumet
  7106 | D:7      | Killed a gargoyle
  7318 | D:8      | Found a hazy altar of Hepliaklqana.
  7354 | D:8      | Found a hide-covered altar of Uskayaw.
  7776 | D:8      | Reached skill level 1 in Fighting
  8125 | D:8      | Reached skill level 13 in Earth Magic
  8213 | D:8      | Slain by a yak

Illustrated notes

Levels and vault maps discovered:
D:1:      shiori_arrival_oz, layout_rooms, serial_shops, shop
D:2:      layout_basic, basic_altar, serial_shops, nicolae_shop_gaudy_bauble
D:3:      minmay_chambers_of_threes, layout_loops_ring,
          nicolae_overflow_hallway_of_the_gods, nemelex_spade_bored_becter,
          uniq_sigmund, uniq_robin
D:4:      layout_cave_pools, uniq_grinder, uniq_duvessa
D:5:      layout_loops_corners, mainiacjoe_overflow_alcove_2,
          nicolae_ossuary_entry_monument, kennysheep_another_room,
          serial_bayou_pond_c, minmay_shop_damaged, uniq_crazy_yiuf_cottage,
          uniq_blork_the_orc
D:6:      layout_rooms
D:7:      minmay_blocky_corners, layout_basic, minmay_temple_entry_overgrown,
          reono_crystal_passage
D:8:      layout_layer_cave, jmf_multi_god_temple,
          nicolae_tso_swordbearing_angel
Temple:   nicolae_temple_colour_theory

Skill      XL: |  1  2  3  4  5  6  7  8  9 10 |
---------------+-------------------------------+-----
Earth Magic    | 4 6 7 8 10 12 13 | 13.3
Spellcasting   | 3 4 5 6 7 8 |  8.1
Dodging        | 2 |  2.8
Conjurations   | 1 3 5 6 |  6.0
Stealth        | 3 |  3.8
Fighting       | 1 |  1.0
Transmutations | |  0.7

Action                     |  1- 3 |  4- 6 |  7- 9 | 10-12 || total
---------------------------+-------+-------+-------+-------++-------
  Melee: Unarmed           |     2 |       |       |       ||     2
         Short sword       |       |     1 |       |    11 ||    12
   Cast: Sandblast         |    40 |    64 |    60 |    28 ||   192
         Stone Arrow       |       |     2 |    70 |    30 ||   102
    Use: Scroll            |       |       |     1 |     1 ||     2
         Potion            |       |       |     1 |     1 ||     2
 Armour: Robe              |       |     3 |    19 |    20 ||    42
  Dodge: Dodged            |     3 |    16 |    48 |    32 ||    99

Table legend: (Time is in decaauts)
 A = Elapsed time spent in this place.
 B = Non-inter-level travel time spent in this place.
 C = Inter-level travel time spent in this place.
 D = Time resting spent in this place.
 E = Time spent auto-exploring this place.
 F = Levels seen in this place.
 G = Mean time per level.
                   A        B        C        D        E       F      G
               +--------+--------+--------+--------+--------+-----+--------+
         Total |   8314 |   8096 |    218 |    468 |   6531 |   9 |  923.8 |
       Dungeon |   8239 |   8030 |    209 |    468 |   6469 |   8 | 1029.9 |
        Temple |     74 |     65 |      9 |      0 |     62 |   1 |   74.0 |
               +--------+--------+--------+--------+--------+-----+--------+

Top non-repeatable levels by time:
     D:5: 1670 daAuts
     D:3: 1468 daAuts
     D:7: 1075 daAuts
     D:6: 1062 daAuts
     D:8: 969 daAuts
     D:2: 821 daAuts
     D:1: 674 daAuts
     D:4: 497 daAuts
  Temple: 74 daAuts
